 Dungeon Crawl Stone Soup version 0.24-a0-201-gf205589 (webtiles) character file.

Game seed: 11739272573764418452

10257 vulsuck the Basher (level 11, -31/86 HPs)
             Began as a Demonspawn Abyssal Knight on Mar 21, 2019.
             Was a High Priest of Lugonu.
             Annihilated by an enormous slime creature (61 damage)
             ... on level 10 of the Dungeon.
             The game lasted 00:40:41 (10393 turns).

vulsuck the Basher (Demonspawn Abyssal Knight)     Turns: 10393, Time: 00:40:41

Health: -31/86     AC: 19    Str: 19    XL:     11   Next: 33%
Magic:  0/16       EV:  8    Int: 17    God:    Lugonu [*****.]
Gold:   802        SH:  0    Dex: 12    Spells: 10/10 levels left

rFire    + . .     SeeInvis +   f - +2 whip (elec)
rCold    . . .     Gourm    .   (no shield)
rNeg     . . .     Faith    .   d - +0 chain mail (curse)
rPois    .         Spirit   +   (helmet unavailable)
rElec    .         Reflect  .   V - +2 cloak {+Inv}
rCorr    .         Harm     .   o - +1 pair of gloves
MR       .....                  h - +0 pair of boots
Stlth    ..........             v - amulet of the acrobat
HPRegen  0.24/turn              l - ring of protection from fire
MPRegen  0.15/turn              F - +4 ring of strength

@: no status effects
A: antennae 3, hooves 1, slimy green scales 1, clever 1, powered by death 2,
magic shield
a: Depart the Abyss, Bend Space, Banish, Corrupt, Enter the Abyss, Renounce
Religion, Evoke Invisibility


You were on level 10 of the Dungeon.
You worshipped Lugonu.
Lugonu was extremely pleased with you.
You were not hungry.

You visited 2 branches of the dungeon, and saw 11 of its levels.
You visited the Abyss 1 time.
You also visited: Sewer, Ossuary and Bailey.

You collected 802 gold pieces.

Inventory:

Hand Weapons
 a - a +1 falchion
 f - a +2 whip of electrocution (weapon)
Missiles
 n - 6 needles of confusion
Armour
 b - a +0 leather armour
 d - a cursed +0 chain mail (worn)
 h - a +0 pair of boots (worn)
 o - a +1 pair of gloves (worn)
 p - a +0 buckler
 t - a +0 pair of gloves
 D - the +2 robe of the Eternal Fruit {-Tele rPois Str+6 SInv, unknown}
   (You found it on level 6 of the Dungeon)

   It affects your strength (+6).
   It protects you from poison.
   It lets you see invisible.
   It prevents most forms of teleportation.
 V - a +2 cloak of invisibility (worn)
Jewellery
 l - a ring of protection from fire (left hand)
 v - an amulet of the acrobat (around neck)
 F - a +4 ring of strength (right hand)
 R - an uncursed ring of fire
 U - an uncursed ring of stealth
Wands
 u - a wand of polymorph (6)
 B - a wand of paralysis (6)
 C - a wand of flame (69)
 E - a wand of digging (12)
 I - a wand of iceblast (9)
Scrolls
 i - 5 scrolls of enchant weapon
 j - 6 scrolls of teleportation
 m - 2 scrolls of identify
 w - a scroll of immolation
 x - 2 scrolls of blinking
 y - 2 scrolls of magic mapping
 z - 2 scrolls of fog
 A - 5 scrolls of fear
 G - 5 scrolls of enchant armour
 H - a scroll of noise
 J - 5 scrolls of remove curse
 K - 3 scrolls of amnesia
 M - a scroll of random uselessness
 P - a scroll of vulnerability {unknown}
 S - a scroll of acquirement {unknown}
Potions
 e - 2 potions of might
 g - 2 potions of lignification
 k - 6 potions of heal wounds
 q - a potion of agility
 r - 6 potions of curing
 s - 5 potions of haste
 L - 2 potions of invisibility
 N - a potion of experience {unknown}
 O - a potion of cancellation
 Q - 2 potions of brilliance
 T - 2 potions of flight
Comestibles
 c - 26 rations
 W - a chunk of flesh


   Skills:
 - Level 8.0 Fighting
 - Level 2.7 Long Blades
 - Level 12.0 Maces & Flails
 - Level 7.0 Armour
 - Level 0.8 Dodging
 + Level 7.7 Invocations


You had 10 spell levels left.
You didn't know any spells.
Your spell library was empty.

Dungeon Overview and Level Annotations

Branches:
Dungeon (10/15)            Temple (1/1) D:6             Orc (0/2) D:10
   Lair: D:8-11

Altars:
Ashenzari
Cheibriados
Dithmenos
Elyvilon
Fedhas
Gozag
Hepliaklqana
Kikubaaqudgha
Makhleb
Nemelex Xobeh
Okawaru
Qazlal
Ru
Sif Muna
Trog
Uskayaw
Vehumet
Wu Jian
Xom
Yredelemnul
Zin
The Shining One

Shops:
D:4 }   D:5 *:=

Annotations:
D:3 3 runed translucent doors, exclusion: 3 doors, pmoppi's ghost, amateur NaVM
D:6 3 runed translucent doors, exclusion: 3 doors, ICEMaiden's ghost, novice DECj
Abyss:1 Pikel


Innate Abilities, Weirdness & Mutations

You have a pair of large antennae on your head. (SInv)
You are partially covered in slimy green scales. (AC +2)
You regenerate health from kills.
When hurt, damage is shared between your health and your magic reserves.
You have large cloven feet.
Your mind is acute. (Int +2)


Message History

The slime creature is heavily wounded.
The slime creature hits you but does no damage.
You hit the slime creature.
The slime creature is heavily wounded.
You whack the slime creature!
The slime creature is severely wounded.
The slime creature hits you but does no damage.
You whack the slime creature!
The slime creature is severely wounded.
You hit the slime creature.
The slime creature is severely wounded.
The enormous slime creature closely misses you.
The slime creature hits you but does no damage.
You hit the slime creature.
The slime creature is severely wounded.
You hit the slime creature but do no damage.
The slime creature is severely wounded.
The enormous slime creature hits you!!!
Ouch! That really hurt!
You die...

## { .# ### { .#
#.#### #
.#######...#### .#.J
........###...######
#####..... .########
####..##.#
###......... .#
#..@J.###..........#
.#
###.J.......###.#.##
## #####.####.# {#
## ### ##### #.
#...# #.## ##.######
..# #######
#........ ##.##
######.....#
#........
....###....'.###.###
#........


You could see an enormous slime creature and a slime creature.

Vanquished Creatures
  A two-headed ogre (D:10)
  An orc knight (Bailey)
  Maurice (D:10)
  Prince Ribbit (D:5)
  A queen bee (D:10)
  A hippogriff (D:8)
  A wyvern (D:10)
  6 yaks (D:10)
  Eustachio (D:4)
  A hungry ghost (D:10)
  Edmund (D:4)
  An acid dragon (D:10)
  2 water moccasins
  3 ice beasts
  A phantom (D:10)
  A sky beast (D:5)
  4 slaves (D:4)
  7 orc warriors
  A necrophage (D:5)
  An eye of draining (D:5)
  3 centaurs
  4 ogres
  2 crocodiles (D:10)
  2 bullfrogs
  A big kobold (D:9)
  2 wyvern zombies
  34 killer bees
  3 howler monkeys
  A crimson imp (D:7)
  A bullfrog zombie (D:10)
  A quasit (D:10)
  4 centaur zombies
  5 hounds
  An orc priest (D:3)
  2 bullfrog skeletons
  A centaur skeleton (D:5)
  2 iguanas
  2 orc wizards
  8 worker ants
  A hound zombie (D:6)
  A hound skeleton (D:5)
  8 mummies (Ossuary)
  2 howler monkey zombies
  Robin (D:2)
  6 gnolls
  12 adders
  6 river rats
  2 shadow imps
  An ooze (D:3)
  2 worms (D:4)
  3 dart slugs
  3 leopard geckos
  23 orcs
  7 bats
  10 giant cockroaches
  3 gnoll zombies (Ossuary)
  26 goblins
  15 hobgoblins
  2 jackals (D:5)
  19 kobolds
  3 quokkas
  10 ball pythons
  10 frilled lizards
  A hobgoblin zombie (Ossuary)
  A kobold zombie (Ossuary)
  A leopard gecko skeleton (D:4)
  A leopard gecko zombie (D:5)
  3 orc zombies (Ossuary)
  2 quokka skeletons
  19 rats
320 creatures vanquished.

Notes
Turn   | Place    | Note
-------+----------+-------------------------------------------
     0 | Abyss:1  | vulsuck the Demonspawn Abyssal Knight began the quest for
                  | the Orb.
     0 | Abyss:1  | Reached XP level 1. HP: 18/18 MP: 2/2
    43 | Abyss:1  | Noticed a thrashing horror
    45 | D:1      | Escaped the Abyss
   162 | D:1      | Found a shimmering altar of Xom.
   184 | D:1      | Reached * piety under Lugonu
   184 | D:1      | Gained mutation: You have a pair of small antennae on your
                  | head. [demonic ancestry]
   184 | D:1      | Reached XP level 2. HP: 24/24 MP: 3/3
   698 | D:2      | Noticed Robin
   838 | D:2      | Reached skill level 1 in Maces & Flails
   862 | D:2      | Reached XP level 3. HP: 26/29 MP: 4/4
  1047 | D:2      | Killed Robin
  1062 | D:2      | Reached skill level 2 in Maces & Flails
  1462 | D:3      | Found a runed translucent gate.
  1463 | D:3      | Found a runed translucent gate.
  1463 | D:3      | Noticed pmoppi's ghost (amateur NaVM)
  1464 | D:3      | Found a runed translucent gate.
  1465 | D:3      | Noticed a big kobold
  1465 | D:3      | Identified the +1 dagger of Putrescence {venom, rPois rF+
                  | Str+3 Int+4}
  1465 | D:3      | Noticed a big kobold
  1529 | D:3      | Reached ** piety under Lugonu
  1529 | D:3      | Gained mutation: You have a pair of antennae on your head.
                  | [demonic ancestry]
  1529 | D:3      | Reached XP level 4. HP: 35/35 MP: 5/5
  1720 | D:3      | Reached skill level 3 in Maces & Flails
  1906 | D:3      | Gained mutation: When hurt, damage is shared between your
                  | health and your magic reserves. [demonic ancestry]
  1906 | D:3      | Reached XP level 5. HP: 30/41 MP: 6/6
  2041 | D:3      | Found a radiant altar of Vehumet.
  2774 | D:4      | Noticed a slave
  2774 | D:4      | Noticed a slave
  2774 | D:4      | Noticed a slave
  2776 | D:4      | Noticed a slave
  2792 | D:4      | Reached skill level 4 in Maces & Flails
  2802 | D:4      | Killed a slave
  2810 | D:4      | Killed a slave
  2816 | D:4      | Killed a slave
  2826 | D:4      | Killed a slave
  3082 | D:4      | Found Zozuybb's Gadget Emporium.
  3129 | D:4      | Reached *** piety under Lugonu
  3129 | D:4      | Reached skill level 5 in Maces & Flails
  3129 | D:4      | Gained mutation: You regenerate a little health from kills.
                  | [demonic ancestry]
  3129 | D:4      | Reached XP level 6. HP: 34/47 MP: 5/7
  3134 | D:4      | Noticed Eustachio
  3159 | D:4      | Killed Eustachio
  3221 | D:4      | Reached skill level 6 in Maces & Flails
  3274 | D:4      | Noticed Edmund
  3290 | D:4      | Killed Edmund
  3290 | D:4      | Gained mutation: You regenerate health from kills. [demonic
                  | ancestry]
  3290 | D:4      | Reached XP level 7. HP: 12/52 MP: 2/8
  3313 | D:4      | Found a glowing drain.
  3323 | Sewer    | Entered a sewer
  3578 | Sewer    | Reached **** piety under Lugonu
  3990 | D:4      | Noticed Pikel
  4017 | D:4      | Banished Pikel
  4139 | D:5      | Entered Level 5 of the Dungeon
  4148 | D:5      | Reached skill level 5 in Fighting
  4148 | D:5      | Gained mutation: You have a pair of large antennae on your
                  | head. (SInv) [demonic ancestry]
  4148 | D:5      | Reached XP level 8. HP: 43/62 MP: 9/9
  4189 | D:5      | Found Retzeunoawn's Book Shoppe.
  4220 | D:5      | Found Mese's Jewellery Shop.
  4277 | D:5      | Reached skill level 5 in Armour
  4358 | D:5      | Found a blossoming altar of Fedhas.
  4674 | D:5      | Found Zaum's General Store.
  4676 | D:5      | Noticed Prince Ribbit
  4689 | D:5      | Killed Prince Ribbit
  5059 | D:6      | Got a silken robe
  5099 | D:6      | Gained mutation: You are partially covered in slimy green
                  | scales. (AC +2) [demonic ancestry]
  5099 | D:6      | Reached XP level 9. HP: 72/72 MP: 10/10
  5381 | D:6      | Reached skill level 7 in Maces & Flails
  5623 | D:6      | Found a runed translucent gate.
  5624 | D:6      | Found a runed translucent gate.
  5625 | D:6      | Found a runed translucent gate.
  5628 | D:6      | Noticed ICEMaiden's ghost (novice DECj)
  5662 | D:6      | Found a staircase to the Ecumenical Temple.
  5676 | Temple   | Entered the Ecumenical Temple
  5938 | D:7      | Gained mutation: You have large cloven feet. [potion of
                  | mutation]
  5938 | D:7      | Gained mutation: Your mind is acute. (Int +2) [potion of
                  | mutation]
  6113 | D:7      | Got a polished rapier
  6114 | D:7      | Identified the +10 rapier "Ybiropn" {freeze, *Rage Fragile
                  | MR+++ Int+8} (You found it on level 7 of the Dungeon)
  6171 | D:7      | Reached skill level 8 in Maces & Flails
  6296 | D:7      | Found a snail-covered altar of Cheibriados.
  6368 | D:7      | Found a glowing golden altar of the Shining One.
  6527 | D:8      | Found a sand-covered staircase.
  6534 | Ossuary  | Entered an ossuary
  6862 | D:8      | Found a radiant altar of Vehumet.
  6866 | D:8      | Reached ***** piety under Lugonu
  6913 | D:8      | Found a hazy altar of Hepliaklqana.
  7027 | D:8      | Found a shattered altar of Ashenzari.
  7092 | D:8      | Reached skill level 9 in Maces & Flails
  7302 | D:8      | Reached skill level 10 in Maces & Flails
  7337 | D:8      | Reached XP level 10. HP: 68/79 MP: 11/11
  7512 | D:8      | Found a sacrificial altar of Ru.
  7763 | D:9      | Found a flagged portal.
  7771 | Bailey   | Entered a bailey
  7776 | Bailey   | Noticed an orc warlord
  7858 | Bailey   | Noticed an orc knight
  7877 | Bailey   | Killed an orc knight
  7880 | Bailey   | Found a runed translucent gate.
  7880 | Bailey   | Found a runed translucent gate.
  7881 | Bailey   | Found a runed translucent gate.
  8088 | Bailey   | Banished an orc warlord
  8088 | Bailey   | Reached skill level 11 in Maces & Flails
  9069 | D:10     | Entered Level 10 of the Dungeon
  9073 | D:10     | Found a staircase to the Orcish Mines.
  9303 | D:10     | Reached skill level 5 in Invocations
  9317 | D:10     | Reached skill level 12 in Maces & Flails
  9557 | D:10     | Reached XP level 11. HP: 83/84 MP: 13/15
 10071 | D:10     | Noticed a two-headed ogre
 10079 | D:10     | Killed a two-headed ogre
 10117 | D:10     | Noticed Maurice
 10119 | D:10     | Paralysed by Maurice for 7 turns
 10139 | D:10     | Killed Maurice
 10393 | D:10     | Annihilated by an enormous slime creature

Levels and vault maps discovered:
D:1:      dpeg_arrival_water_temple_mockup, layout_basic, xom_teletrap_fun
D:2:      layout_loops_cross, uniq_robin
D:3:      layout_loops_corners, nicolae_overflow_hidden_temple,
          gammafunk_ghost_nasty_kobolds, minmay_strange_pillars
D:4:      cheibrodos_greedy_goblins, layout_basic, portal_sewer_entry_e,
          serial_shops, kennysheep_mini, uniq_edmund, uniq_eustachio, uniq_pikel
D:5:      layout_basic, lemuel_coloured_pillars_altar, serial_shops,
          shop_statue, shop, shop_fountains, first_ration, hex_medium,
          uniq_prince_ribbit1
D:6:      minmay_chambers_of_sixes, layout_loops_ring,
          minmay_temple_entry_poolview, gammafunk_ghost_necromancy,
          minmay_starry_boxes
D:7:      layout_cave_pools, lemuel_crystal_altar, cheibriados_altar_1
D:8:      layout_loops_corners, marbit_many_paths, lemuel_doored_altar,
          nicolae_overflow_crystal_walls, nicolae_ossuary_entry_monument,
          vehumet_altar_wand_db
D:9:      layout_stronghold, enter_bailey_2
D:10:     layout_roguey [special_room_bee], erik_lair_dragon, david_orc_2,
          uniq_maurice
Temple:   nicolae_temple_x_marks_the_god
Abyss:1
Sewer:    sewer_co_cracked_pipes
Ossuary:  ossuary_tomb_3
Bailey:   bailey_axe_bossmonster_kennysheep, bailey

Skill      XL: |  1  2  3  4  5  6  7  8  9 10 11 |
---------------+----------------------------------+-----
Long Blades    | 2 |  2.7
Maces & Flails | 1 2 3 5 6 10 12 | 12.0
Armour         | 2 4 6 7 |  7.0
Fighting       | 5 7 8 |  8.0
Invocations    | 5 7 |  7.7
Dodging        | |  0.8

Action                   |  1- 3 |  4- 6 |  7- 9 | 10-12 || total
-------------------------+-------+-------+-------+-------++-------
Melee: Falchion          |    34 |       |       |       ||    34
       Whip              |    86 |   213 |   567 |   542 ||  1408
Invok: Depart the Abyss  |     1 |       |       |       ||     1
       Banish            |       |       |     1 |     1 ||     2
       Bend Space        |       |       |       |     2 ||     2
Evoke: Wand              |       |       |       |     2 ||     2
  Use: Scroll            |       |     3 |    11 |     1 ||    15
       Potion            |       |     1 |    10 |     5 ||    16
  Eat: Chunk             |     2 |     6 |     8 |    10 ||    26
       Ration            |       |       |     2 |       ||     2
Armor: Chain mail        |    82 |    91 |   232 |   157 ||   562
       Skin              |       |       |       |    19 ||    19
Dodge: Dodged            |    38 |    67 |   166 |   200 ||   471
       Rpst.: Falchion   |     2 |       |       |       ||     2

Table legend:
 A = Non-vault XP
 B = Vault XP
 C = Vault XP percentage of total XP
 D = Non-vault monster count
 E = Vault monster count
 F = Vault count percentage of total count
                 A         B        C        D         E       F
            +---------+---------+-------+---------+---------+-------
      Total |    7448 |    7206 |  49.2 |     170 |     148 |  46.5
            +---------+---------+-------+---------+---------+-------
        D:1 |      24 |       6 |  20.0 |      13 |       3 |  18.8
        D:2 |      26 |      29 |  52.7 |      14 |       9 |  39.1
        D:3 |     141 |       0 |   0.0 |      36 |       0 |   0.0
        D:4 |     263 |     820 |  75.7 |      17 |      23 |  57.5
        D:5 |     993 |     291 |  22.7 |      24 |       1 |   4.0
        D:6 |     485 |     414 |  46.1 |       6 |      10 |  62.5
        D:7 |     377 |       0 |   0.0 |       9 |       0 |   0.0
        D:8 |    1657 |     142 |   7.9 |      22 |       2 |   8.3
        D:9 |     341 |       0 |   0.0 |      11 |       0 |   0.0
       D:10 |    3141 |    2859 |  47.7 |      18 |      37 |  67.3
      Sewer |       0 |      90 | 100.0 |       0 |      26 | 100.0
    Ossuary |       0 |     155 | 100.0 |       0 |      16 | 100.0
     Bailey |       0 |    2400 | 100.0 |       0 |      21 | 100.0
            +---------+---------+-------+---------+---------+-------
